[Event "January 2 Late 2024"]
[Site "https://www.chess.com"]
[Date "2024.01.02"]
[Round "7"]
[White "Khatoev, Eduard"]
[Black "Gabdushev, Ruslan"]
[Result "1-0"]
[Board "75"]
[TimeControl "180+1"]
[WhiteFideId "24145076"]
[BlackFideId "4137833"]
[WhiteElo "2635"]
[BlackElo "2440"]
[WhiteTeam "RUS"]
[BlackTeam "RUS"]
[WhiteClock "0:01:32"]
[BlackClock "0:00:00"]

1. Nf3 g6 2. e3 Bg7 3. Nc3 d6 4. b3 e5 5. Bb2 Nf6 6. d4 Nbd7 7. Be2 O-O 8. O-O Re8 9. Qd2 e4 10. Ng5 h6 11. Nh3 Nf8 12. Nf4 c6 13. a3 g5 14. Nh5 Ng6 15. Nxg7 Kxg7 16. d5 c5 17. b4 b6 18. bxc5 bxc5 19. Rab1 Kh7 20. f3 exf3 21. Rxf3 Ne5 22. Rf2 Rb8 23. Bd3+ Kg7 24. h3 Re7 25. Ne4 Nxe4 26. Bxe4 Reb7 27. Bxe5+ dxe5 28. Rbf1 Qd6 29. Bf5 Rb1 30. Bxc8 Rxf1+ 31. Rxf1 Rxc8 32. c4 Rb8 33. e4 f6 34. Qc3 Qb6 35. Rd1 Rd8 36. Qc1 Kg6 37. Qc2 Rd6 38. g4 Qa5 39. a4 1-0

[Event "January 2 Late 2024"]
[Site "https://www.chess.com"]
[Date "2024.01.02"]
[Round "7"]
[White "Manukyan, Sargis A."]
[Black "Gurevich, Dmitry"]
[Result "0-1"]
[Board "76"]
[TimeControl "180+1"]
[WhiteFideId "13303970"]
[BlackFideId "2000407"]
[WhiteElo "2630"]
[BlackElo "2432"]
[WhiteTeam "ARM"]
[BlackTeam "USA"]
[WhiteClock "0:02:11"]
[BlackClock "0:00:37"]

1. d4 Nf6 2. c4 a6 3. Nc3 c5 4. d5 b5 5. cxb5 axb5 6. Nxb5 Qa5+ 7. Nc3 Bb7 8. Bd2 Qb6 9. e4 e6 10. dxe6 fxe6 11. Qc2 Nc6 12. Nf3 Nd4 13. Nxd4 cxd4 14. Na4 Qa7 15. e5 Ne4 16. b3 Nxd2 17. Qxd2 Be7 18. Bd3 O-O 19. O-O Qa5 20. Qxa5 Rxa5 21. Nb2 Rxe5 22. Nc4 Rg5 23. g3 Rf3 24. Be2 Rc3 25. Rfc1 d5 26. Na5 Ba8 27. a4 Bb4 28. Nc4 dxc4 29. Bxc4 Bd5 30. Bxd5 Rxd5 31. Rab1 Rxc1+ 32. Rxc1 d3 33. Rd1 d2 34. Kf1 Rd3 35. a5 Bxa5 36. Ke2 Rxb3 37. Ra1 Bc3 38. Ra8+ Kf7 39. Ra7+ Kf6 40. Rd7 Rb1 41. f4 Re1+ 42. Kf3 d1=Q+ 43. Rxd1 Rxd1 44. g4 h5 45. h4 Rd3+ 46. Ke4 hxg4 47. Kxd3 Ba5 48. Ke3 Kf5 49. Kf2 Kxf4 50. Kg2 g3 51. h5 Kg4 52. h6 gxh6 53. Kg1 Kf3 54. Kh1 h5 55. Kg1 h4 56. Kh1 h3 57. Kg1 Bb6+ 58. Kh1 g2+ 59. Kh2 g1=Q+ 60. Kxh3 Qh1# 0-1

[Event "January 2 Late 2024"]
[Site "https://www.chess.com"]
[Date "2024.01.02"]
[Round "7"]
[White "Seletsky, Grigory"]
[Black "Gubajdullin, Alexei"]
[Result "1-0"]
[Board "77"]
[TimeControl "180+1"]
[WhiteFideId "14112191"]
[BlackFideId "4141202"]
[WhiteElo "2428"]
[BlackElo "2616"]
[WhiteTeam "UKR"]
[BlackTeam "RUS"]
[WhiteClock "0:01:11"]
[BlackClock "0:00:06"]

1. c4 Nf6 2. Nc3 g6 3. e4 d6 4. d4 Bg7 5. f3 O-O 6. Be3 c5 7. d5 e6 8. Qd2 exd5 9. cxd5 a6 10. a4 Nbd7 11. Nh3 Ne5 12. Nf2 Qa5 13. Be2 b5 14. O-O b4 15. Ncd1 Bd7 16. b3 h5 17. Nb2 h4 18. Nc4 Nxc4 19. Bxc4 h3 20. g3 Nh5 21. Rad1 f5 22. exf5 gxf5 23. Nxh3 Bc3 24. Qd3 Rae8 25. Nf4 Nxf4 26. Bxf4 Qc7 27. Bxa6 Rf7 28. Bc4 Rfe7 29. Kg2 Bd4 30. Rd2 Re1 31. Rd1 R1e2+ 32. Qxe2 Rxe2+ 33. Bxe2 Bc3 34. Bc4 Bc8 35. Rf2 Qa7 36. Bxd6 Ba6 37. Bxa6 Qxa6 38. Bxc5 Qc8 39. Be3 Kf7 40. d6 Bf6 41. d7 Qc3 42. Bf4 Bd8 43. Rd5 Qxb3 44. Rxf5+ Kg6 45. Rf8 Bb6 46. d8=Q Bxd8 47. Rxd8 Qxa4 48. Rb8 b3 49. Rb2 Qd4 50. R8xb3 Qc4 51. h4 Qc5 52. Rb6+ Kf7 53. R2b5 Qc2+ 54. Kh3 Qe2 55. Kg4 Qd3 56. Rb7+ Ke6 57. R5b6+ Kd5 58. Rd6+ 1-0

[Event "January 2 Late 2024"]
[Site "https://www.chess.com"]
[Date "2024.01.02"]
[Round "7"]
[White "Kekic, Armin"]
[Black "Lund, Gunnar"]
[Result "0-1"]
[Board "78"]
[TimeControl "180+1"]
[WhiteFideId "14401274"]
[BlackFideId "1520814"]
[WhiteElo "2358"]
[BlackElo "2584"]
[WhiteTeam "BIH"]
[BlackTeam "NOR"]
[WhiteClock "0:00:11"]
[BlackClock "0:00:49"]

1. e4 c6 2. d4 d5 3. Nd2 dxe4 4. Nxe4 Nf6 5. Nxf6+ exf6 6. c3 Bd6 7. Bd3 O-O 8. Qc2 h5 9. Ne2 Qc7 10. h3 Be6 11. Be3 b5 12. Qd2 Nd7 13. Bf4 Rae8 14. O-O Nb6 15. Bxd6 Qxd6 16. Nf4 g6 17. Rfe1 Bc4 18. Bxg6 fxg6 19. Nxg6 Kg7 20. Nxf8 Rxf8 21. Re3 Bf7 22. Rg3+ Bg6 23. Qe2 Nd5 24. Qxh5 Qxg3 25. Qxd5 Qxf2+ 26. Kxf2 cxd5 27. a4 b4 28. g4 bxc3 29. bxc3 Rb8 30. h4 Rb2+ 31. Ke3 Rc2 32. Ra3 Be4 33. a5 a6 34. Rb3 Kg6 35. Kf4 Rf2+ 36. Ke3 Rg2 37. g5 Rg3+ 38. Kf2 Rf3+ 39. Ke2 fxg5 40. hxg5 Kxg5 41. Rb6 Rxc3 42. Kd2 Rd3+ 43. Ke1 Rxd4 44. Rxa6 Ra4 45. Kd2 Kf4 46. Rf6+ Ke5 0-1

[Event "January 2 Late 2024"]
[Site "https://www.chess.com"]
[Date "2024.01.02"]
[Round "7"]
[White "Ardila, Oscar Humberto"]
[Black "Korchynskyi, Mykola"]
[Result "0-1"]
[Board "79"]
[TimeControl "180+1"]
[WhiteFideId "4404742"]
[BlackFideId "34138005"]
[WhiteElo "2343"]
[BlackElo "2584"]
[WhiteTeam "COL"]
[BlackTeam "UKR"]
[WhiteClock "0:00:00"]
[BlackClock "0:00:20"]

1. d4 d5 2. c3 Nf6 3. Nf3 Bf5 4. h3 e6 5. Bg5 Be7 6. Nbd2 Nbd7 7. e3 O-O 8. Be2 c5 9. O-O cxd4 10. exd4 Ne4 11. Bxe7 Qxe7 12. Nxe4 Bxe4 13. Nd2 Bg6 14. Qb3 a6 15. f4 b5 16. Nf3 Nb6 17. Ne5 Nc4 18. Bxc4 bxc4 19. Qa4 Qb7 20. Rf2 Be4 21. Re1 Qb5 22. Qa3 h5 23. g4 hxg4 24. hxg4 f6 25. Nf3 Qd7 26. Nd2 e5 27. f5 exd4 28. cxd4 Rfe8 29. Qh3 Bd3 30. Rxe8+ Rxe8 31. Qg3 Qa4 32. Qf3 Be4 33. Nxe4 Rxe4 34. Qg3 Qd1+ 35. Rf1 Qxd4+ 36. Kh1 Rxg4 37. Qb8+ Kh7 0-1

[Event "January 2 Late 2024"]
[Site "https://www.chess.com"]
[Date "2024.01.02"]
[Round "7"]
[White "Palchuk, Andrii"]
[Black "Mazurkiewicz, Michal"]
[Result "1-0"]
[Board "80"]
[TimeControl "180+1"]
[WhiteFideId "14176688"]
[BlackFideId "1124943"]
[WhiteElo "2581"]
[BlackElo "2427"]
[WhiteTeam "UKR"]
[BlackTeam "POL"]
[WhiteClock "0:00:58"]
[BlackClock "0:00:01"]

1. d4 Nf6 2. c4 e5 3. dxe5 Ng4 4. e3 Nxe5 5. Nh3 d5 6. Qxd5 Qe7 7. Nf4 g5 8. Nd3 Bg7 9. Nxe5 Bxe5 10. Be2 Nc6 11. O-O Be6 12. Qb5 O-O-O 13. Bf3 Bd7 14. Nc3 g4 15. Bd5 f5 16. Bd2 Qd6 17. f4 gxf3 18. Rxf3 a6 19. Qb3 Bxh2+ 20. Kh1 Be5 21. Ne2 h5 22. Nf4 h4 23. Nh3 b6 24. Qa4 Kb7 25. Rb1 Ka7 26. b4 Nd4 27. b5 a5 28. exd4 Bxd4 29. Bxa5 c6 30. Bb4+ Kb8 31. Bxd6+ Kb7 32. Qa6# 1-0

[Event "January 2 Late 2024"]
[Site "https://www.chess.com"]
[Date "2024.01.02"]
[Round "7"]
[White "Jing, Andrew"]
[Black "Kochiev, Ivan"]
[Result "0-1"]
[Board "81"]
[TimeControl "180+1"]
[WhiteFideId "30984076"]
[BlackFideId "2917890"]
[WhiteElo "2175"]
[BlackElo "2561"]
[WhiteTeam "USA"]
[BlackTeam "BUL"]
[WhiteClock "0:01:12"]
[BlackClock "0:00:22"]

1. d4 Nf6 2. c4 e6 3. g3 c5 4. d5 exd5 5. cxd5 d6 6. Bg2 g6 7. Nc3 Bg7 8. Nf3 O-O 9. O-O Na6 10. Bf4 Nc7 11. a4 Rb8 12. Nd2 Nh5 13. Be3 f5 14. Nc4 b6 15. f4 Ba6 16. Na3 Re8 17. Bf2 Bxc3 18. bxc3 Bxe2 19. Qd2 Bxf1 20. Bxf1 Nf6 21. Nb5 Ne4 22. Qc2 Nxf2 23. Qxf2 Rb7 24. Bd3 Kg7 25. c4 Qf6 26. Ra2 Nxb5 27. axb5 Rbe7 28. Kg2 Qc3 29. Be2 Qe3 30. Qf1 Kh6 31. Bf3 Qb3 32. Ra1 Qb2+ 33. Kh3 Qc3 34. Qf2 Qxa1 0-1

[Event "January 2 Late 2024"]
[Site "https://www.chess.com"]
[Date "2024.01.02"]
[Round "7"]
[White "Seemann, Jakub"]
[Black "Petr, Jan"]
[Result "1-0"]
[Board "82"]
[TimeControl "180+1"]
[WhiteFideId "21874697"]
[BlackFideId "345784"]
[WhiteElo "2791"]
[BlackElo "2414"]
[WhiteTeam "POL"]
[BlackTeam "CZE"]
[WhiteClock "0:00:42"]
[BlackClock "0:00:03"]

1. b3 a5 2. a4 d6 3. Bb2 e5 4. e3 Nd7 5. d4 Qe7 6. dxe5 dxe5 7. Nf3 g6 8. Bc4 Bg7 9. O-O Ngf6 10. Nc3 c6 11. Ng5 O-O 12. Nge4 Nxe4 13. Nxe4 Qh4 14. Nd6 Nb6 15. Nxc8 Nxc4 16. bxc4 Rfxc8 17. Qd3 Rd8 18. Qb3 Rd7 19. Rad1 Rad8 20. Rxd7 Rxd7 21. Bc3 Qg4 22. Bxa5 h5 23. h3 Qe2 24. c5 e4 25. Bc3 Rd5 26. Bxg7 Kxg7 27. Qc3+ Kg8 28. Re1 Qa6 29. Qb4 f5 30. Rb1 h4 31. Qxb7 Rd1+ 32. Kh2 Qf1 33. Rxd1 Qxd1 34. Qxc6 Kh7 35. Qc7+ Kh6 36. Qf4+ Kh5 37. c6 Qxc2 38. c7 g5 39. Qe5 Kg6 40. Qe6+ Kh5 41. c8=Q 1-0

[Event "January 2 Late 2024"]
[Site "https://www.chess.com"]
[Date "2024.01.02"]
[Round "7"]
[White "Shapiro, Viktor"]
[Black "Chirilov, James A"]
[Result "0-1"]
[Board "83"]
[TimeControl "180+1"]
[WhiteFideId "4175700"]
[BlackFideId "30976677"]
[WhiteElo "2501"]
[BlackElo "2775"]
[WhiteTeam "RUS"]
[BlackTeam "USA"]
[WhiteClock "0:00:16"]
[BlackClock "0:00:20"]

1. c4 Nf6 2. Nc3 e6 3. Nf3 d5 4. d4 dxc4 5. Qa4+ Nbd7 6. Qxc4 c5 7. g3 b6 8. Bg2 Bb7 9. O-O Be7 10. dxc5 Nxc5 11. Rd1 Qc8 12. Nb5 O-O 13. Nd6 Bxd6 14. Rxd6 Bd5 15. Qh4 Nce4 16. Bf4 Nxd6 17. Bxd6 Re8 18. Be5 Nd7 19. Bc3 Qd8 20. Qf4 e5 21. Qe3 Qe7 22. Rd1 Bb7 23. Bh3 Bc6 24. Bxd7 Bxd7 25. Nxe5 Be6 26. Nc6 Qc5 27. Qf3 Bc4 28. e3 Rac8 29. Nd4 Qd5 30. Qg4 Qe4 31. Qg5 h6 32. Qh5 Bd5 33. Kf1 Qg2+ 34. Ke2 Bc4+ 35. Ke1 Qg1+ 36. Kd2 Qxf2+ 37. Kc1 Qxe3+ 38. Kb1 Bd3+ 39. Ka1 Bg6 40. Qh4 Rxc3 41. bxc3 Qxc3# 0-1

[Event "January 2 Late 2024"]
[Site "https://www.chess.com"]
[Date "2024.01.02"]
[Round "7"]
[White "Play, Gilles"]
[Black "Rakitin, Daniil"]
[Result "1-0"]
[Board "84"]
[TimeControl "180+1"]
[WhiteFideId "45130892"]
[BlackFideId "24219762"]
[WhiteElo "2501"]
[BlackElo "2701"]
[WhiteTeam "FRA"]
[BlackTeam "RUS"]
[WhiteClock "0:00:03"]
[BlackClock "0:00:00"]

1. e4 d6 2. d4 g6 3. Nc3 Bg7 4. f4 a6 5. Nf3 b5 6. Bd3 Bb7 7. O-O Nf6 8. e5 Nd5 9. Nxd5 Bxd5 10. c3 O-O 11. Qe1 e6 12. Bd2 c5 13. Rd1 Bxa2 14. f5 exf5 15. Bg5 f6 16. exf6 Bxf6 17. Bh6 cxd4 18. Bxf8 Qxf8 19. cxd4 Bd5 20. Bb1 Nc6 21. Qg3 Kh8 22. Kh1 Re8 23. Rde1 Rxe1 24. Rxe1 Nxd4 25. Nxd4 Bxd4 26. Qd3 Qf6 27. Rd1 Be4 28. Qxd4 Qxd4 29. Rxd4 Bxb1 30. Rxd6 a5 31. Rd5 a4 32. Rxb5 Kg7 33. Rc5 Ba2 34. Kg1 Bb3 35. Kf2 Kf6 36. Ke3 Kg5 37. Kf3 h5 38. g3 h4 39. gxh4+ Kxh4 40. Rc8 Bd5+ 41. Kf4 Kh3 42. Rh8+ Kg2 43. Kg5 Be4 44. h4 Bc2 45. Rf8 Kg3 46. Rg8 f4 47. Rf8 f3 48. Rf6 1-0

[Event "January 2 Late 2024"]
[Site "https://www.chess.com"]
[Date "2024.01.02"]
[Round "7"]
[White "Carlsson, Ludvig"]
[Black "Gutierrez Olivares, Daniel"]
[Result "1-0"]
[Board "85"]
[TimeControl "180+1"]
[WhiteFideId "1727010"]
[BlackFideId "2264005"]
[WhiteElo "2698"]
[BlackElo "2493"]
[WhiteTeam "SWE"]
[BlackTeam "ESP"]
[WhiteClock "0:00:13"]
[BlackClock "0:00:01"]

1. e4 e6 2. d4 d5 3. exd5 exd5 4. Nf3 Nc6 5. Bd3 Bg4 6. c3 Bd6 7. O-O Nge7 8. Re1 f6 9. a4 a6 10. Na3 Qd7 11. b4 O-O 12. Nc2 Bf5 13. Bf1 Ng6 14. Ne3 Be6 15. g3 Rae8 16. Bg2 Nce7 17. a5 h6 18. Bd2 f5 19. Nf1 f4 20. Ne5 Bxe5 21. dxe5 Nc6 22. Qh5 Kh7 23. gxf4 Bg4 24. e6 Bxe6 25. Ng3 Nce7 26. Rxe6 Qxe6 27. Re1 Qf6 28. f5 Nxf5 29. Rxe8 Nxg3 30. Rxf8 Nxh5 31. Rxf6 Nxf6 32. c4 c6 33. Bc3 Nf4 34. Bf3 Ne4 35. Bd4 Nd2 36. Bg4 Nxc4 37. Bc5 Nd3 38. Be7 g6 39. Bc8 Nce5 40. Bxb7 Kg7 41. Bxa6 Ne1 42. Bb7 N1f3+ 43. Kh1 Nd4 44. a6 Nd7 45. a7 Nb6 46. Bc5 1-0

[Event "January 2 Late 2024"]
[Site "https://www.chess.com"]
[Date "2024.01.02"]
[Round "7"]
[White "Suvorov, Luca"]
[Black "Blanco Ronquillo, Humberto L."]
[Result "1-0"]
[Board "86"]
[TimeControl "180+1"]
[WhiteFideId "12977071"]
[BlackFideId "3504239"]
[WhiteElo "2492"]
[BlackElo "2696"]
[WhiteTeam "GER"]
[BlackTeam "CUB"]
[WhiteClock "0:00:10"]
[BlackClock "0:00:41"]

1. e4 e5 2. Nf3 Nc6 3. Bb5 f5 4. O-O fxe4 5. Bxc6 dxc6 6. Nxe5 Nf6 7. d4 exd3 8. Re1 Be7 9. Nxd3 Bf5 10. Qe2 Bxd3 11. cxd3 Qd7 12. Nc3 Kf7 13. Ne4 Nd5 14. Qf3+ Kg8 15. b3 Rf8 16. Qg3 Bf6 17. Nxf6+ Rxf6 18. Bb2 Rg6 19. Qe5 Kf7 20. Re4 Re8 21. Qh5 Kg8 22. Rae1 Ree6 23. g3 Qf7 24. Qe2 Rxe4 25. dxe4 Nb6 26. e5 Qe6 27. f4 Nd5 28. Qe4 Ne7 29. Rd1 h5 30. Kg2 h4 31. Rd8+ Kf7 32. Ba3 hxg3 33. hxg3 Nf5 34. Rf8# 1-0

[Event "January 2 Late 2024"]
[Site "https://www.chess.com"]
[Date "2024.01.02"]
[Round "7"]
[White "Martinez Ramirez, Lennis"]
[Black "Bochnicka, Vladimir"]
[Result "1-0"]
[Board "87"]
[TimeControl "180+1"]
[WhiteFideId "3509079"]
[BlackFideId "14943450"]
[WhiteElo "2689"]
[BlackElo "2482"]
[WhiteTeam "CUB"]
[BlackTeam "SVK"]
[WhiteClock "0:01:05"]
[BlackClock "0:00:06"]

1. Nf3 c5 2. e4 Nc6 3. Bb5 e6 4. Bxc6 bxc6 5. O-O Ne7 6. Qe2 Ng6 7. d3 Be7 8. g3 O-O 9. h4 h6 10. h5 Nh8 11. e5 f6 12. Nc3 Nf7 13. Bf4 f5 14. Kg2 a5 15. Rh1 c4 16. d4 c5 17. d5 Bb7 18. Rad1 Qc8 19. a4 Rb8 20. Qxc4 Ba6 21. Nb5 Qb7 22. dxe6 dxe6 23. Qxe6 Kh8 24. Rd7 Qa8 25. Nc7 Qe4 26. Re1 Be2 27. Rxe2 Qxe2 28. Rxe7 Rxb2 29. Rxf7 Rxf7 30. Qxf7 Rxc2 31. Qf8+ Kh7 32. Qxf5+ Kh8 33. Nd2 Rxd2 34. Bxd2 Qxd2 35. Ne6 Qd7 36. Qf8+ Kh7 37. Qd6 Qb7+ 38. Kh2 c4 39. Nf8+ Kg8 40. Ng6 Qf3 41. Qd8+ 1-0

[Event "January 2 Late 2024"]
[Site "https://www.chess.com"]
[Date "2024.01.02"]
[Round "7"]
[White "Flynn, Jacob"]
[Black "Zhu, Jiner"]
[Result "1/2-1/2"]
[Board "88"]
[TimeControl "180+1"]
[WhiteFideId "2509393"]
[BlackFideId "8608059"]
[WhiteElo "2479"]
[BlackElo "2658"]
[WhiteTeam "IRL"]
[BlackTeam "CHN"]
[WhiteClock "0:00:02"]
[BlackClock "0:01:28"]

1. d4 Nf6 2. c4 g6 3. Nc3 Bg7 4. Nf3 d6 5. g3 O-O 6. Bg2 Nc6 7. O-O Bf5 8. Ne1 e5 9. d5 Na5 10. e4 Bd7 11. b3 c5 12. dxc6 Bxc6 13. Be3 b6 14. Nd5 Nxd5 15. cxd5 Bb5 16. Nd3 Rc8 17. Qd2 Qd7 18. Rfc1 f5 19. Rxc8 Rxc8 20. Rc1 Rxc1+ 21. Nxc1 Qc8 22. Nd3 Nb7 23. a4 Bd7 24. Qc1 Nc5 25. Bxc5 bxc5 26. Nb2 fxe4 27. Bxe4 Qf8 28. Nc4 Bh6 29. Qc2 Kg7 30. Kg2 Bg5 31. h4 Bd8 32. Qe2 h5 33. Qd2 Bc8 34. b4 cxb4 35. Qxb4 Be7 36. Ne3 Qd8 37. Qb1 Qe8 38. Qc2 Bd7 39. a5 a6 40. Nc4 Bb5 41. Ne3 Bd8 42. Qc3 Qf7 43. Qc2 Qc7 44. Bxg6 Qxc2 45. Bxc2 Bxa5 46. Nf5+ Kf8 47. Nxd6 Bd7 48. Nc4 Bb4 49. Nxe5 Be8 50. Bg6 a5 51. Bxe8 Kxe8 52. Nd3 Bc3 53. Kf3 a4 54. Ke4 a3 55. Nc1 Kd7 56. Na2 Bd2 57. f3 Be1 58. g4 hxg4 59. fxg4 Bxh4 60. Kf5 Kd6 61. g5 Bf2 62. g6 Bd4 63. Ke4 Bg7 64. Nb4 Bf6 65. Na2 Bg7 66. Nb4 Bf6 67. Na2 Kc5 68. Kd3 Kxd5 69. Kc2 Kc4 70. Kb1 Kd5 71. Nc1 Ke4 72. Ka2 Kf5 73. Kxa3 Kxg6 1/2-1/2

[Event "January 2 Late 2024"]
[Site "https://www.chess.com"]
[Date "2024.01.02"]
[Round "7"]
[White "Petre, Nad-Titus"]
[Black "Haydon, David L"]
[Result "1/2-1/2"]
[Board "89"]
[TimeControl "180+1"]
[WhiteFideId "1204165"]
[BlackFideId "415405"]
[WhiteElo "2475"]
[BlackElo "2651"]
[WhiteTeam "ROU"]
[BlackTeam "ENG"]
[WhiteClock "0:00:10"]
[BlackClock "0:00:08"]

1. e4 c6 2. d3 d5 3. Nf3 Bg4 4. Nbd2 Nf6 5. Be2 e6 6. O-O Qc7 7. exd5 cxd5 8. c4 Nc6 9. h3 Bh5 10. Nb3 dxc4 11. dxc4 Rd8 12. Qe1 Nb4 13. Nfd4 Bxe2 14. Qxe2 a6 15. Re1 Be7 16. g3 Nc6 17. Bf4 Nxd4 18. Nxd4 Qc5 19. Nb3 Qf5 20. Kh2 h5 21. Be5 O-O 22. Nd4 Qg6 23. Rad1 Nd7 24. Bc7 Rde8 25. Nf3 Nf6 26. Bd6 Bxd6 27. Rxd6 Rd8 28. Red1 Rxd6 29. Rxd6 Rc8 30. b3 Qf5 31. Qd3 Ne4 32. Rd8+ Rxd8 33. Qxd8+ Kh7 34. Kg2 Nc5 35. Qd4 Nd3 36. a3 e5 37. Qe3 f6 38. Nd2 Nc1 39. b4 Qc2 40. Qe4+ Qxe4+ 41. Nxe4 Nd3 42. c5 Ne1+ 43. Kf1 Nc2 44. Nd6 Nxa3 45. Nxb7 Nb5 46. Nd6 Nc7 47. Ke2 Kg8 48. Kd3 Kf8 49. Kc4 g6 50. Ne4 Ke7 51. g4 hxg4 52. hxg4 Ke6 53. f3 f5 54. Nd6 fxg4 55. fxg4 Nd5 56. Ne4 Ne3+ 57. Kb3 Nxg4 58. Ka4 Nf6 59. Ng5+ Kd7 60. Ka5 e4 61. Kxa6 e3 62. Nf3 e2 63. Kb7 Ne8 64. b5 Kd8 65. c6 Nd6+ 66. Kb8 Nxb5 67. Nd4 Nc7 68. Nxe2 g5 69. Ng3 g4 70. Kb7 Nd5 71. Nf5 Ke8 72. Nd6+ Ke7 73. Ne4 Ke6 74. Ng3 Kd6 75. Nf5+ Ke5 76. Ng3 Kf4 77. Nh5+ Kf3 78. c7 Nxc7 79. Kxc7 Ke4 80. Nf6+ Kf5 81. Nxg4 1/2-1/2

[Event "January 2 Late 2024"]
[Site "https://www.chess.com"]
[Date "2024.01.02"]
[Round "7"]
[White "Toktomushev, Teimur"]
[Black "Palomo, Franklin Annervys"]
[Result "0-1"]
[Board "90"]
[TimeControl "180+1"]
[WhiteFideId "14176726"]
[BlackFideId "3906965"]
[WhiteElo "2466"]
[BlackElo "2650"]
[WhiteTeam "UKR"]
[BlackTeam "VEN"]
[WhiteClock "0:00:00"]
[BlackClock "0:01:25"]

1. d4 c5 2. d5 Nf6 3. c4 d6 4. Nc3 g6 5. Nf3 Bg7 6. e4 O-O 7. Be2 e6 8. O-O exd5 9. cxd5 a6 10. a4 Re8 11. Nd2 Nbd7 12. h3 Qc7 13. a5 Rb8 14. Re1 b5 15. axb6 Rxb6 16. Nc4 Rb4 17. Bf1 Ne5 18. Nxe5 Rxe5 19. Bxa6 Nxe4 20. Bxc8 Qxc8 21. Nxe4 Rbxe4 22. Rxe4 Rxe4 23. Be3 Bxb2 24. Ra7 Be5 25. Qf3 Qf5 26. Qxf5 gxf5 27. g3 h5 28. Bh6 h4 29. Bg5 hxg3 30. fxg3 Bxg3 31. Kg2 Be5 32. Kf3 Rd4 33. h4 Rxd5 34. h5 Rd3+ 35. Ke2 Rh3 36. h6 c4 37. Rc7 c3 38. Kd1 Kh7 0-1

[Event "January 2 Late 2024"]
[Site "https://www.chess.com"]
[Date "2024.01.02"]
[Round "7"]
[White "Karas, Marek"]
[Black "Spata, German"]
[Result "0-1"]
[Board "91"]
[TimeControl "180+1"]
[WhiteFideId "14928558"]
[BlackFideId "113026"]
[WhiteElo "2465"]
[BlackElo "2643"]
[WhiteTeam "CZE"]
[BlackTeam "ARG"]
[WhiteClock "0:00:00"]
[BlackClock "0:00:11"]

1. d4 Nf6 2. Nc3 g6 3. e4 d6 4. Be3 a6 5. a4 Bg7 6. h3 O-O 7. Qd2 e5 8. dxe5 dxe5 9. Nf3 Nc6 10. Be2 Be6 11. Qxd8 Rfxd8 12. Ng5 Nb4 13. Rc1 Bd7 14. Bc4 Be8 15. Ke2 Nc6 16. Rhd1 Nd4+ 17. Kf1 h6 18. Nf3 Nxf3 19. gxf3 Bf8 20. Nd5 Nxd5 21. Bxd5 c6 22. Bb3 Be7 23. Bb6 Rxd1+ 24. Rxd1 Kf8 25. c3 a5 26. Bc4 f6 27. Ke2 g5 28. Be6 Ra6 29. Bc7 b5 30. Bf5 Ra7 31. Bb6 Ra6 32. Bc7 bxa4 33. Ra1 Ra7 34. Bb6 Rb7 35. Bxa5 Rxb2+ 36. Kd3 a3 37. Bb4 Bxb4 38. cxb4 Rxf2 39. Bg4 a2 40. Ke3 Rb2 41. Be6 Bf7 42. Bxf7 Kxf7 43. Kd3 Ke6 44. Kc3 Rf2 45. Kc4 Kd6 46. Rd1+ Kc7 47. Ra1 Kb6 48. Kb3 Kb5 49. Ka3 Rxf3+ 50. Kxa2 Rxh3 51. Rf1 Rh2+ 52. Kb3 Rh3+ 53. Kb2 Kxb4 54. Rxf6 c5 55. Rf5 Kc4 56. Rxe5 Kd4 57. Re7 c4 58. e5 Rh2+ 59. Kb1 Kc3 60. e6 Rh1+ 61. Ka2 Re1 62. Re8 Kc2 63. e7 c3 64. Rh8 Rxe7 65. Rxh6 Ra7+ 0-1

[Event "January 2 Late 2024"]
[Site "https://www.chess.com"]
[Date "2024.01.02"]
[Round "7"]
[White "Bhavikatti, Neil"]
[Black "Ozates, Tuna"]
[Result "0-1"]
[Board "92"]
[TimeControl "180+1"]
[WhiteFideId "30935024"]
[BlackFideId "6354521"]
[WhiteElo "2464"]
[BlackElo "2634"]
[WhiteTeam "USA"]
[BlackTeam "TUR"]
[WhiteClock "0:00:00"]
[BlackClock "0:00:13"]

1. d4 Nf6 2. c4 e6 3. Nc3 Bb4 4. Qc2 O-O 5. a3 Bxc3+ 6. Qxc3 c5 7. dxc5 b6 8. cxb6 Qxb6 9. Be3 Qc7 10. Nf3 Bb7 11. g3 Bxf3 12. exf3 Nc6 13. Bg2 Rab8 14. b4 Rfc8 15. O-O d5 16. f4 Ne7 17. c5 a5 18. Bd4 axb4 19. axb4 Nc6 20. Bxf6 gxf6 21. Rfb1 Rb5 22. Bf1 Rbb8 23. b5 Ne7 24. c6 Kg7 25. Qc5 Rb6 26. Ra5 Nxc6 27. Ra6 Rxa6 28. bxa6 Na5 29. Qe3 Nc4 30. Bxc4 dxc4 31. a7 Ra8 32. Ra1 c3 33. g4 c2 34. g5 Rxa7 35. gxf6+ Kh8 36. Rc1 Ra8 37. Qe5 Rg8+ 38. Kf1 Qc4+ 39. Ke1 Qd3 0-1

[Event "January 2 Late 2024"]
[Site "https://www.chess.com"]
[Date "2024.01.02"]
[Round "7"]
[White "Kazmaier, Daniel"]
[Black "Janaszak, Dawid"]
[Result "0-1"]
[Board "93"]
[TimeControl "180+1"]
[WhiteFideId "2606089"]
[BlackFideId "1119206"]
[WhiteElo "2464"]
[BlackElo "2621"]
[WhiteTeam "CAN"]
[BlackTeam "POL"]
[WhiteClock "0:00:06"]
[BlackClock "0:00:09"]

1. e4 c5 2. Nf3 Nc6 3. c3 e5 4. Bc4 Nf6 5. d3 Be7 6. O-O O-O 7. a4 d6 8. Na3 Nh5 9. d4 cxd4 10. cxd4 Bg4 11. dxe5 Nxe5 12. Be2 Bxf3 13. Bxf3 Nf6 14. Nb5 Re8 15. Be3 a6 16. Nd4 Nc4 17. Bc1 Qb6 18. b3 Ne5 19. Be3 Nxf3+ 20. Qxf3 Qa5 21. Rfe1 Bf8 22. Bf4 d5 23. e5 Ne4 24. Qg4 Rac8 25. Nf5 Kh8 26. f3 Nc5 27. Rad1 Nd3 28. Re3 Rc3 29. Bg3 Qb6 30. Qd4 Bc5 31. Qxc3 Bxe3+ 32. Kh1 Nf2+ 33. Bxf2 Bxf2 34. Rxd5 Qe6 35. Qd3 g6 36. Nd6 Rf8 37. g3 Bb6 38. Kg2 h5 39. f4 Kg7 40. b4 Bc7 41. f5 gxf5 42. Nxf5+ Kh7 43. Nd6+ f5 44. exf6+ Kh8 45. f7 Qh6 46. Qd4+ Kh7 47. Qe4+ Kh8 48. Qe5+ Kh7 49. Qf5+ Qg6 50. Qxg6+ Kxg6 51. Ne4 Rxf7 52. Rg5+ Kh6 53. Rd5 Re7 54. Nd6 Re2+ 55. Kf3 Rb2 56. Nf5+ Kg6 57. b5 a5 58. h4 Rb3+ 59. Ne3 Bb6 60. Re5 Bd4 61. Re4 Bc5 62. Kf4 b6 63. Nd5 Bd6+ 64. Re5 Bxe5+ 65. Kxe5 Rxg3 66. Nxb6 Ra3 67. Nd5 Rxa4 68. b6 Ra2 69. b7 Rb2 70. Ne7+ Kf7 71. Nc6 Rb5+ 72. Kd6 a4 73. b8=Q Rxb8 74. Nxb8 a3 75. Nc6 a2 76. Ne5+ Kg7 77. Nc4 a1=Q 78. Ne5 Qh1 79. Ke6 Qh3+ 80. Kd5 Qxh4 81. Nc6 Qh1+ 0-1

[Event "January 2 Late 2024"]
[Site "https://www.chess.com"]
[Date "2024.01.02"]
[Round "7"]
[White "osh1ro"]
[Black "Lopusiewicz, Piotr"]
[Result "1-0"]
[Board "94"]
[TimeControl "180+1"]
[BlackFideId "1116029"]
[WhiteElo "2610"]
[BlackElo "2460"]
[BlackTeam "POL"]
[WhiteClock "0:00:03"]
[BlackClock "0:00:07"]

1. d4 Nf6 2. c4 e6 3. Nc3 d5 4. Nf3 c5 5. cxd5 exd5 6. g3 Nc6 7. Bg2 cxd4 8. Nxd4 Bc5 9. Nb3 Bb6 10. Nxd5 Be6 11. e4 Bg4 12. Qd2 Nxd5 13. Qxd5 Qxd5 14. exd5 Nb4 15. O-O Nc2 16. Rb1 Be2 17. d6 Bxf1 18. Bxb7 Bd3 19. Bc6+ Kd8 20. Bxa8 Kd7 21. Bg2 Nb4 22. Ra1 Nc2 23. Rb1 Ne1 24. Bh3+ f5 25. Ra1 Nc2 26. Rb1 Nd4 27. Nxd4 Bxb1 28. Bxf5+ Kxd6 29. Bf4+ Kd5 30. Bxb1 Bxd4 31. b3 Rc8 32. Bxh7 Be5 33. Be3 Bd4 34. Bf4 Be5 35. Bg5 Rc6 36. Bd3 Rc3 37. Bc4+ Kc5 38. h4 Bd4 39. h5 Rc2 40. Be3 Rxa2 41. Bxd4+ Kxd4 42. g4 Rd2 43. Kg2 Ke5 44. Kg3 Rd4 45. g5 Kf5 46. g6 Kg5 47. Be2 Rb4 48. Bd1 Kh6 49. f4 Rd4 50. Bc2 Rd2 51. Bf5 Rb2 52. Be6 a5 53. Kg4 Rc2 54. Bd5 Rc3 55. Be6 Rd3 56. f5 Re3 57. Bc4 Rc3 58. Kf4 Rxc4+ 59. bxc4 a4 60. f6 a3 61. f7 a2 62. f8=Q a1=Q 63. Qh8# 1-0